 Dungeon Crawl Stone Soup version 0.31-a0-210-gccc998df9b (webtiles) character file.

Game seed: 18030036996236165063

118 qw the Shooter (level 5, 0/30 HPs)
             Began as a Gargoyle Hexslinger on June 29, 2023.
             Slain by an orc wizard
             ... wielding a +1 dagger of flaming
              (3 damage)
             ... on level 2 of the Dungeon.
             The game lasted 00:00:57 (1996 turns).

qw the Shooter (Gargoyle Hexslinger)                Turns: 1996, Time: 00:00:57

Health: 0/30       AC:  9    Str: 11    XL:     5   Next: 2%
Magic:  6/6        EV: 10    Int: 14    God:
Gold:   147        SH:  0    Dex: 14    Spells: 5/6 levels left

rFire   . . .        Y - +1 sling
rCold   . . .        (no shield)
rNeg    + . .        e - +0 ring mail
rPois   inf          (no helmet)
rElec   +            (no cloak)
rCorr   .            (no gloves)
SInv    .            (no boots)
Will    +....        (no amulet)
Stlth   +            b - ring of willpower
HPRegen 0.25/turn    (no ring)
MPRegen 0.10/turn

%: no passive effects
@: about to teleport
A: sickness immunity, AC +4, negative energy resistance 1, electricity
resistance, torment resistance 1, petrification resistance
a: no special abilities


You were on level 2 of the Dungeon.
You visited 1 branch of the dungeon, and saw 3 of its levels.

You collected 147 gold pieces.


Innate Abilities, Weirdness & Mutations

You are immune to sickness and miasma.
Your stone body is resilient. (AC +4)
You are immune to poison.
You resist negative energy. (rN+)
You are resistant to electric shocks. (rElec)
You are resistant to unholy torment.
You are immune to petrification.


   Skills:
 - Level 2.0 Fighting
 + Level 4.5 Ranged Weapons
 - Level 1.1 Armour
 - Level 1.5 Dodging
 - Level 1.0 Spellcasting
 - Level 2.6 Hexes


You had 5 spell levels left.
You knew the following spells:

 Your Spells              Type           Power      Damage    Failure   Level
a - Slow                  Hex            32%        N/A       21%         1

Your spell library contained the following spells:

 Spells                   Type           Power      Damage    Failure   Level
 Inner Flame              Hex/Fire       4%         N/A       71%         3
 Portal Projectile        Hex/Tloc       8%         N/A       71%         3
 Cause Fear               Hex            4%         N/A       90%         4

Inventory:

Hand Weapons
 Y - a +1 sling (weapon)
Armour
 e - a +0 ring mail (worn)
Jewellery
 b - a ring of willpower (left hand)
 c - the amulet of Zez Qulog {Reflect Fragile Will+ SH+5 SInv}
   (You acquired it on level 2 of the Dungeon)

   [amulet of reflection]

   It reflects blocked missile attacks.
   SInv:      It lets you see invisible.
   Fragile:   It will be destroyed if unequipped.
   SH:        It affects your SH (+5).
   Will:      It increases your willpower.
Scrolls
 h - a scroll of identify
Potions
 g - a potion of might {unknown}
 i - a potion of curing {unknown}

Dungeon Overview and Level Annotations

Branches:
Dungeon (3/15)

Altars:

Shops:
D:3 (

Annotations:
D:2 1 runed translucent door, Crazy Yiuf


Message History

The orc wizard burns you.
You shoot a sling bullet.
The sling bullet completely misses the orc wizard.
The orc wizard hits you but does no damage.
The orc wizard misses you.
You shoot a sling bullet.
The sling bullet barely misses the orc wizard.
The orc wizard hits you with a +1 dagger of flaming.
The orc wizard burns you.
You shoot a sling bullet.
The sling bullet closely misses the orc wizard.
The orc wizard points at you and mumbles some strange words.
The puff of flame hits you.
You shoot a sling bullet. The sling bullet misses the orc wizard.
The orc wizard hits you with a +1 dagger of flaming.
The orc wizard burns you.
The orc wizard hits you but does no damage.
You shoot a sling bullet. The sling bullet hits the orc wizard.
The orc wizard is moderately wounded.
The orc wizard closely misses you.
You shoot a sling bullet. The sling bullet hits the orc wizard.
The orc wizard is heavily wounded.
The orc wizard hits you with a +1 dagger of flaming.
The orc wizard burns you.
You shoot a sling bullet. The sling bullet hits the orc wizard.
The orc wizard is heavily wounded.
The orc wizard hits you with a +1 dagger of flaming.
The orc wizard burns you. The orc wizard barely misses you.
You shoot a sling bullet. The sling bullet misses the orc wizard.
The orc wizard misses you.
You shoot a sling bullet.
The sling bullet hits the orc wizard but does no damage.
The orc wizard is heavily wounded.
The orc wizard hits you with a +1 dagger of flaming.
The orc wizard burns you.
1996 ||| READING scroll of teleportation.
As you read the scroll of teleportation, it crumbles to dust.
You feel strangely unstable.
The orc wizard hits you with a +1 dagger of flaming.
You die...

#..........###.....#.#
#.####...............#
######.####.#######.....###
#...........# ##...##
#......###### ##.##
#..######...## #.# #..#
##.###.## ####.# #..#
#.#####.####....# #..#
#.##@)..........# # #..#
#.##o##.###.....#####
####).#####.#.#.##........(##.
###.............................
#............................##.
#.#.##..####..#######......#####
#.#.##.># #..# ####...........
#.#.##..####..####...[.....#####
#.#.##.............#...#####


You could see an orc wizard.

Vanquished Creatures
  5 adders
  2 worms
  2 orcs
  10 ball pythons
  6 endoplasms
  2 giant cockroaches (D:3)
  3 goblins (D:1)
  7 hobgoblins
  8 jackals
  7 kobolds
  2 bats
  2 frilled lizards (D:1)
  4 rats
60 creatures vanquished.

Notes
Turn   | Place    | Note
-------+----------+-------------------------------------------
     0 | D:1      | qw the Gargoyle Hexslinger began the quest for the Orb.
     0 | D:1      | Reached XP level 1. HP: 12/12 MP: 2/2
     0 | D:1      | 0 ||| qw: Version: 0.3-a-24-ga2abf7b
     0 | D:1      | 0 ||| qw: Game counter: 6804
     0 | D:1      | 0 ||| qw: Melee chars always use a shield: true
     0 | D:1      | 0 ||| qw: God list: Okawaru
     0 | D:1      | 0 ||| qw: Allow faded altars: false
     0 | D:1      | 0 ||| qw: Do Orc after clearing Dungeon:15 true
     0 | D:1      | 0 ||| qw: Do second Lair branch before Depths: true
     0 | D:1      | 0 ||| qw: Lair rune preference: random
     0 | D:1      | 0 ||| qw: Goals: Normal
     0 | D:1      | 0 ||| PLANNING D:1-11
   121 | D:1      | Reached XP level 2. HP: 15/16 MP: 3/3
   146 | D:1      | Reached skill level 3 in Ranged Weapons
   234 | D:1      | Reached XP level 3. HP: 21/21 MP: 4/4
   350 | D:1      | 350 ||| Stepping ~*~*~tactically~*~*~ (water).
   539 | D:1      | 539 ||| UPGRADING to +0 ring mail.
   549 | D:1      | 549 ||| DROPPING +0 robe.
   550 | D:1      | 550 ||| READING scroll labelled FIC NEJEUMIEMYS.
   551 | D:1      | 551 ||| READING scroll labelled FIXEWOY JASKULL.
   552 | D:1      | 552 ||| READING scroll labelled MOMOCK ESIOCU.
   553 | D:1      | 553 ||| READING scroll labelled KOIQAI WIXUCH.
   558 | D:1      | 558 ||| READING scroll labelled PYIMU ZATZIRHI.
   559 | D:1      | 559 ||| DROPPING scroll of poison.
   600 | D:2      | Found a faded altar of an unknown god.
   772 | D:2      | Reached skill level 4 in Ranged Weapons
   772 | D:2      | Reached XP level 4. HP: 23/26 MP: 5/5
  1237 | D:2      | Found a runed translucent door.
  1238 | D:2      | Noticed Crazy Yiuf
  1319 | D:2      | 1319 ||| UPGRADING to ring of willpower.
  1320 | D:2      | 1320 ||| READING 2 scrolls labelled YDACWY VAUGA.
  1321 | D:2      | 1321 ||| READING scroll labelled KIUSOA TARUOSK.
  1321 | D:2      | Identified a scroll of acquirement
  1321 | D:2      | 1321 ||| ACQUIRING amulet of Zez Qulog {Reflect Fragile
                  | Will+ SH+5 SInv}
  1321 | D:2      | Acquired the amulet of Zez Qulog {Reflect Fragile Will+
                  | SH+5 SInv}
  1323 | D:2      | 1323 ||| READING scroll labelled CUCITI YMIETZE.
  1324 | D:2      | 1324 ||| READING 4 scrolls labelled ESIUCA BUIBOH.
  1325 | D:2      | 1325 ||| DROPPING scroll of fear.
  1326 | D:2      | 1326 ||| DROPPING 3 scrolls of revelation.
  1459 | D:3      | Reached skill level 1 in Armour
  1622 | D:3      | Found Wenwamiq's Antique Weapon Emporium.
  1626 | D:3      | 1626 ||| SHOPLISTING runed shortbow (180 gold, have 115).
  1861 | D:3      | Reached XP level 5. HP: 30/30 MP: 6/6
  1866 | D:3      | 1866 ||| FLEEEEING.
  1867 | D:3      | 1867 ||| FLEEEEING.
  1868 | D:3      | 1868 ||| FLEEEEING.
  1869 | D:3      | 1869 ||| FLEEEEING.
  1870 | D:3      | 1870 ||| FLEEEEING.
  1871 | D:3      | 1871 ||| FLEEEEING.
  1872 | D:3      | 1872 ||| FLEEEEING.
  1873 | D:3      | 1873 ||| FLEEEEING.
  1874 | D:3      | 1874 ||| FLEEEEING.
  1875 | D:3      | 1875 ||| FLEEEEING.
  1876 | D:3      | 1876 ||| FLEEEEING.
  1877 | D:3      | 1877 ||| FLEEEEING.
  1878 | D:3      | 1878 ||| FLEEEEING.
  1879 | D:3      | 1879 ||| FLEEEEING.
  1880 | D:3      | 1880 ||| FLEEEEING.
  1881 | D:3      | 1881 ||| FLEEEEING.
  1882 | D:3      | 1882 ||| FLEEEEING.
  1883 | D:3      | 1883 ||| FLEEEEING.
  1884 | D:3      | 1884 ||| FLEEEEING.
  1885 | D:3      | 1885 ||| FLEEEEING.
  1888 | D:3      | 1888 ||| FLEEEEING.
  1892 | D:3      | 1892 ||| STAIRDANCE
  1975 | D:2      | 1975 ||| READING 2 scrolls of identify.
  1975 | D:2      | 1975 ||| IDENTIFYING coppery potion
  1976 | D:2      | 1976 ||| DROPPING potion of lignification.
  1980 | D:3      | 1980 ||| STAIRDANCE
  1995 | D:2      | HP: 4/30 [orc wizard/+1 dagger of flaming (4)]
  1996 | D:2      | 1996 ||| READING scroll of teleportation.
  1996 | D:2      | Slain by an orc wizard

Levels and vault maps discovered:
D:1:      psy_arrival_dodecagon, layout_rooms, chequers_serial_rivers_small_3
D:2:      layout_loops_ring, ebering_ecumenical_altar_abandoned,
          uniq_crazy_yiuf_cottage
D:3:      layout_loops_ring, serial_shops, shop, st_stairs_8

Skill      XL: |  1  2  3  4 |
---------------+-------------+-----
Ranged Weapons | 3 4 |  4.5
Fighting       | 2 |  2.0
Armour         | 1 |  1.1
Dodging        | |  1.5
Spellcasting   | |  1.0
Hexes          | |  2.6

Action                     |  1- 3 |  4- 6 || total
---------------------------+-------+-------++-------
   Fire: Sling             |   118 |    94 ||   212
    Use: Scroll            |     5 |     6 ||    11
 Armour: Robe              |     9 |       ||     9
         Ring mail         |    16 |    40 ||    56
  Dodge: Dodged            |    37 |    42 ||    79

Table legend:
 A = Non-vault XP
 B = Vault XP
 C = Vault XP percentage of total XP
 D = Non-vault monster count
 E = Vault monster count
 F = Vault count percentage of total count
                 A         B        C        D         E       F
            +---------+---------+-------+---------+---------+-------
      Total |     154 |      15 |   8.9 |      58 |       2 |   3.3
            +---------+---------+-------+---------+---------+-------
        D:1 |      43 |       0 |   0.0 |      26 |       0 |   0.0
        D:2 |      60 |       0 |   0.0 |      18 |       0 |   0.0
        D:3 |      51 |      15 |  22.7 |      14 |       2 |  12.5
            +---------+---------+-------+---------+---------+-------
